Map: Emerald City LE

Players

Massa - Winner!

  • Race: Terran Terran
  • League: Platinum
  • Spawn Location: 5:00

qqq - Winner!

  • Race: Zerg Zerg
  • Spawn Location: 5:00

JakoBo

  • Race: Zerg Zerg
  • League: Diamond
  • Spawn Location: 11:00

SubMarine

  • Race: Terran Terran
  • Spawn Location: 11:00

VOD

Have the link to the VOD?

Description

Time

  • Played on: Oct. 25, 2020, 7:38 a.m.
  • Length: 5:05
Show
View Real Time Build Order
Export as new Build Order

Massa Terran - Winner!

Build Orders:  

Get SALT Encoding   

  12  0:00  SCV  
  13  0:12  SCV  
  14  0:22  Supply Depot  
  14  0:25  SCV  
  15  0:43  SCV  
  15  0:45  Barracks  
  16  0:55  SCV  
  17  1:07  SCV  
  18  1:17  Barracks  
  18  1:20  SCV  
  18  1:22  Refinery  
  20  1:33  Orbital Command  
  20  1:37  Marine  
  20  1:49  Command Center  
  21  2:01  SCV  
  21  2:04  Marine  
  22  2:14  Marine  
  23  2:28  Supply Depot  
  23  2:31  Supply Depot  
  23  2:34  Supply Depot  
  23  2:50  Reaper, Marine  
  25  2:53  Factory  
  25  3:02  SCV  
  25  3:03  SCV  
  27  3:08  Marine  
  28  3:13  Barracks  
  28  3:20  Orbital Command  
  28  3:22  Marine  
  28  3:24  Barracks  
  29  3:29  Supply Depot  
  29  3:32  SCV  
  30  3:38  Hellion  
  30  3:40  Marine  
  33  3:44  SCV  
  33  3:46  SCV  
  33  3:47  Engineering Bay  
  35  3:50  Marine  
  36  3:56  SCV  
  36  3:57  Marine  
  36  3:59  Hellion  
  40  4:07  Marine  
  41  4:10  Marine x2  
  41  4:15  Marine  
  44  4:21  SCV x2, Hellion  
  48  4:25  Marine  
  48  4:28  Marine x2  
  51  4:33  SCV x2, Marine  
  54  4:42  Hellion  
  54  4:43  Marine  
Show
View Real Time Build Order
Export as new Build Order

qqq Zerg - Winner!

Build Orders: Hatch First 

Get SALT Encoding   

  12  0:01  Drone  
  13  0:08  Drone  
  14  0:35  Hatchery  
  13  0:40  Drone  
  14  0:56  Spawning Pool  
  13  1:03  Overlord  
  13  1:08  Drone  
  14  1:12  Extractor  
  14  1:14  Drone  
  14  1:41  Drone  
  14  1:42  Drone, Overlord  
  16  1:49  Drone  
  17  1:54  Queen  
  17  2:00  Zergling x2  
  20  2:08  Zergling x2  
  21  2:12  Extractor  
  21  2:14  Drone  
  21  2:16  Queen  
  21  2:22  Zergling x2  
  24  2:25  Drone  
  24  2:27  Zergling x2  
  26  2:35  Drone  
  26  2:37  Drone  
  28  2:38  Drone  
  29  2:47  Metabolic Boost  
  29  2:50  Zergling x2  
  30  2:52  Zergling x2  
  31  2:58  Overlord  
  31  3:02  Zergling x2  
  32  3:06  Zergling x2  
  32  3:10  Zergling x2  
  34  3:15  Zergling x4  
  36  3:21  Baneling Nest  
  36  3:23  Zergling x2  
  36  3:25  Zergling x2  
  37  3:29  Drone  
  38  3:37  Zergling x2  
  39  3:54  Zergling x8  
  39  3:55  Drone  
  44  3:56  Overlord  
  44  3:58  Overlord  
  44  4:07  Baneling x2  
  43  4:10  Zergling x2  
  43  4:17  Baneling x2  
  41  4:38  Zergling x6  
  43  4:39  Zergling x8  
Show
View Real Time Build Order
Export as new Build Order

JakoBo Zerg 

Build Orders: 3 Hatch before Pool 

Get SALT Encoding   

  12  0:03  Drone  
  13  0:22  Drone  
  14  0:41  Extractor  
  14  0:42  Drone  
  14  0:46  Hatchery  
  14  0:47  Drone  
  14  1:13  Hatchery  
  14  1:17  Drone  
  14  1:38  Spawning Pool  
  14  1:39  Drone  
  14  1:48  Overlord  
  14  2:00  Drone x2  
  16  2:05  Drone  
  17  2:10  Drone  
  18  2:20  Drone  
  18  2:31  Metabolic Boost  
  18  2:38  Zergling x6  
  18  2:40  Drone  
  22  2:51  Drone x2  
  24  2:59  Zergling x4  
  26  3:13  Evolution Chamber  
  26  3:15  Overlord  
  25  3:27  Drone  
  25  3:29  Overlord  
  25  3:32  Queen  
  28  3:39  Drone x5  
  28  3:40  Drone  
  34  3:50  Queen  
  36  4:04  Drone x2, Baneling Nest  
  37  4:19  Zergling x4  
  37  4:20  Zergling x2  
  37  4:23  Zergling x4  
  42  4:37  Zergling x8  
  34  4:46  Zergling x2  
Show
View Real Time Build Order
Export as new Build Order

SubMarine Terran 

Build Orders:  

Get SALT Encoding   

  12  0:00  SCV  
  13  0:12  SCV  
  14  0:20  Supply Depot  
  14  0:24  SCV  
  15  0:42  SCV  
  16  0:44  Barracks  
  16  0:47  Refinery  
  16  0:54  SCV  
  17  1:06  SCV  
  18  1:18  SCV  
  19  1:41  Reaper  
  19  1:42  SCV  
  21  1:56  Orbital Command  
  21  1:57  Refinery  
  21  2:10  Command Center  
  22  2:22  SCV  
  22  2:24  Barracks Reactor  
  22  2:28  Factory  
  22  2:32  Barracks  
  22  2:35  SCV  
  23  2:57  Supply Depot  
  23  3:10  Supply Depot  
  23  3:15  Factory Reactor  
  23  3:18  SCV, Marine x2  
  23  3:19  Barracks Tech Lab  
  26  3:21  Starport  
  26  3:28  Orbital Command  
  26  3:30  SCV  
  26  3:32  Supply Depot  
  27  3:36  Marine x2  
  27  3:41  Marine  
  29  3:47  SCV  
  30  3:59  SCV, Marine x2  
  30  4:01  Marine  
  34  4:13  SCV x2, Engineering Bay  
  36  4:17  Marine  
  32  4:24  Marine  
  32  4:25  Marine  
  32  4:30  SCV x2  
  30  4:35  Marine  
  29  4:42  Marine  
  29  4:44  Hellion  
Tags
 
Add a new tag
Caveats
  • Supply blocks, unpowered buildings, or Contaminate may cause inaccurate times.
  • Supply counts are checked every 10 seconds.